 Dungeon Crawl Stone Soup version 0.16.1-2-g95b8d4c (webtiles) character file.

39 MDvedh the Chucker (level 3, 0/23 HPs)
             Began as a Gargoyle Hunter on Mar 24, 2015.
             Slain by Crazy Yiuf
             ... wielding a +3 quarterstaff of chaos
              (3 damage)
             ... on level 2 of the Dungeon.
             The game lasted 00:04:23 (1766 turns).

MDvedh the Chucker (Gargoyle Hunter)                Turns: 1766, Time: 00:04:24

Health: 0/23       AC:  9    Str: 16    XL:     3   Next: 45%
Magic:  2/3        EV:  9    Int: 11    God:
Gold:   83         SH:  0    Dex: 10    Spells: 0 memorised, 2 levels left

rFire  . . .     SeeInvis .     f - +0 hammer
rCold  . . .     Clarity  .     r - +0 scale mail
rNeg   + . .     SustAb   .     (no shield)
rPois  ∞         Gourm    .     (no helmet)
rElec  +         Spirit   .     (no cloak)
rCorr  .         Warding  .     (no gloves)
rMut   .         Stasis   .     (no boots)
MR     .....                    (no amulet)
Stlth  ..........               (no ring)
                                (no ring)

@: not resistant to hostile enchantments, extremely unstealthy
A: negative energy resistance 1, electricity resistance, unbreathing,
petrification resistance, rot immunity, AC +3
a: no special abilities


You were on level 2 of the Dungeon.
You were not hungry.

You visited 1 branch of the dungeon, and saw 2 of its levels.

You collected 83 gold pieces.

Inventory:

Hand weapons
 a - a +0 short sword
 f - a +0 hammer (weapon)
 p - a +0 club
Missiles
 b - 5 javelins (quivered)
 c - 2 throwing nets
Armour
 r - a +0 scale mail (worn)
Jewellery
 l - an uncursed ring of teleportation
Scrolls
 g - a scroll of magic mapping
 h - a scroll of amnesia {unknown}
 j - 2 scrolls of remove curse
 m - 2 scrolls of identify {unknown}
 s - a scroll of fog {unknown}
Potions
 d - a potion of invisibility {unknown}
 e - a potion of mutation {unknown}
 i - a potion of beneficial mutation {unknown}
 k - a potion of haste {unknown}
 n - 2 potions of lignification {unknown}
 o - a potion of brilliance {unknown}
 q - 2 potions of heal wounds {unknown}


   Skills:
 - Level 3.2 Fighting
 + Level 1.8 Maces & Flails
 - Level 4.0 Throwing
 - Level 0.2 Armour
 - Level 1.5 Dodging
 - Level 1.1 Stealth


You had 2 spell levels left.
You didn't know any spells.

Dungeon Overview and Level Annotations

Branches:
Dungeon (2/15)

Altars:

Annotations:
D:2 Crazy Yiuf


Innate Abilities, Weirdness & Mutations

You are resistant to torment.
You are immune to poison.
Your stone body is very resilient (AC +3).
You resist negative energy.
You are resistant to electric shocks.
You can survive without breathing.
You are immune to petrification.
You are immune to rotting.


Message History

Crazy Yiuf barely misses you.
You hit Crazy Yiuf but do no damage.
Crazy Yiuf is moderately wounded.
Crazy Yiuf says, "Fire!
Gum ragdoll head."
Crazy Yiuf hits you with a quarterstaff of chaos!
* * * LOW HITPOINT WARNING * * *
You are too injured to fight recklessly!
You are too injured to fight recklessly!
You are too injured to fight recklessly!
Drink which item? (? for menu, Esc to quit)
Okay, then.
A kobold comes into view.
The kobold throws a stone.
The stone hits you but does no damage.
Crazy Yiuf says, "Mama!"
The kobold throws a stone.
The stone hits you but does no damage.
Crazy Yiuf says, "Seed sanguine leg!"
You see here a stone.
You closely miss the kobold. The kobold barely misses you.
Crazy Yiuf hits you with a quarterstaff of chaos.
You die...

♣♣.♣♣ #.......#>##.
♣...♣♣ ####..#......
♣....♣ ######.##.###.
#....# #.........# ##
#....# ##..##....## #
##...# #..##..##.# #
#..####.......#.# #.
#..g##..........##...
#.#...@K.....[.........
..##..#.................
............#........#.#
..........###......##>#
.....##...# ##.##....
...## ##### #..#.### .
.....# ..... ####.


You could see Crazy Yiuf and a kobold.

Vanquished Creatures
  A giant mite (D:1)
  2 worms (D:2)
  An ooze (D:1)
  2 giant geckos (D:1)
  A giant cockroach (D:2)
  A hobgoblin (D:1)
  2 kobolds
  A quokka (D:2)
  A bat (D:1)
  A giant newt (D:1)
  2 goblins
  2 rats (D:1)
17 creatures vanquished.

Notes
Turn   | Place    | Note
--------------------------------------------------------------
     0 | D:1      | MDvedh, the Gargoyle Hunter, began the quest for the Orb.
     0 | D:1      | Reached XP level 1. HP: 12/12 MP: 1/1
   373 | D:1      | Reached XP level 2. HP: 8/18 MP: 2/2
  1270 | D:2      | Reached skill level 1 in Maces & Flails
  1270 | D:2      | Reached XP level 3. HP: 3/23 MP: 3/3
  1743 | D:2      | Noticed Crazy Yiuf
  1766 | D:2      | Slain by Crazy Yiuf

Action                   || total
-------------------------++-------
Melee: Short sword       ||   118
       Hammer            ||     9
Throw: Javelin           ||     7
  Use: Scroll            ||     2
 Stab: Sleeping          ||     1
  Eat: Chunk             ||     1
       Bread ration      ||     1
